 Seeded DCSS version 0.26.1-2-gb8aa6d0cf2 (webtiles) character file.

Game seed: 9590131211779451766 (custom seed)

148 dolemite99 the Shooter (level 5, -2/42 HPs)
             Began as a Minotaur Hunter on Mar 23, 2021.
             Killed by divine providence
             ... invoked by an orc priest
              (11 damage)
             ... on level 4 of the Dungeon.
             The game lasted 00:03:02 (2671 turns).

dolemite99 the Shooter (Minotaur Hunter)            Turns: 2671, Time: 00:03:03

Health: -2/42      AC:  5    Str: 17    XL:     5   Next: 8%
Magic:  4/4        EV: 11    Int:  8    God:
Gold:   78         SH:  0    Dex: 11    Spells: 4/4 levels left

rFire    . . .     SeeInvis .   a - +1 shortbow
rCold    . . .     Faith    .   (shield currently unavailable)
rNeg     . . .     Spirit   .   m - +0 ring mail
rPois    .         Reflect  .   (helmet restricted)
rElec    .         Harm     .   (no cloak)
rCorr    .         Rampage  .   (no gloves)
Will     .....                  (no boots)
Stlth    +.........             (no amulet)
HPRegen  0.14/turn              (no ring)
MPRegen  0.09/turn              (no ring)

@: no status effects
A: retaliatory headbutt, horns 2
a: no special abilities


You were on level 4 of the Dungeon.
You visited 1 branch of the dungeon, and saw 4 of its levels.

You collected 78 gold pieces.

Inventory:

Hand Weapons
 a - a +1 shortbow (weapon)
 b - a +0 trident
 d - a +0 short sword
 e - a -1 spear
 j - a cursed -2 dagger
 o - a +0 short sword
Missiles
 h - 22 stones
 k - 12 arrows (quivered ammo)
 n - 6 boomerangs
Armour
 c - a +0 leather armour
 m - a +0 ring mail (worn)
Jewellery
 p - a +4 ring of protection {unknown}
Scrolls
 i - a scroll of identify {unknown}
Potions
 f - 2 potions of brilliance {unknown}
 g - a potion of berserk rage {unknown}
 l - a potion of flight {unknown}


   Skills:
 - Level 2.4 Fighting
 + Level 3.1 Polearms
 - Level 6.3 Bows
 - Level 2.1 Dodging
 - Level 0.7 Stealth


You had 4 spell levels left.
You didn't know any spells.
Your spell library was empty.

Dungeon Overview and Level Annotations

Branches:
Dungeon (4/15)
 Temple: D:4-7

Altars:
Vehumet

Annotations:
D:3 Ijyb
D:4 1 transporter


Innate Abilities, Weirdness & Mutations

You reflexively headbutt those who attack you in melee.
You have a pair of horns on your head.


Message History

The orc priest is moderately wounded.
The orc priest invokes the aid of Beogh against you.
Beogh smites you!
You closely miss the orc priest.
The orc priest is moderately wounded.
The orc priest hits you with a +0 mace!
You closely miss the orc priest.
The orc priest is moderately wounded.
The orc priest mumbles some strange prayers to Beogh against you.
Beogh smites you!
* * * LOW HITPOINT WARNING * * *
a - a +1 shortbow (weapon)
Fire: 13 arrows
Press: ? - help, Q - select action, (/) - cycle Shift-Dir - straight line, f - orc priest
Aim: an orc priest, wielding a +0 mace and wearing a +0 ring mail (moderately wounded, 65% to hit)
You shoot an arrow. The arrow hits the orc priest!
The orc priest is almost dead.
The orc priest invokes the aid of Beogh against you.
Beogh smites you!
You die...

#.......... ≈
+(........# ≈≈
#.........#♣≈≈
............
#####....>......
#......##.....#
#@####.##.....#
#o#....##.....# .
#÷#.#..##.....# ..
#.#.#..##.....# ..#
#...#.......#.# ..#©
#...#>#######.# ..#..
#...÷.# #.#
..#...##...########.# .
.8#...†'(...........##..


You could see an orc priest.

Vanquished Creatures
  A hound (D:3)
  Terence (D:2)
  2 adders (D:4)
  A worm (D:1)
  2 dart slugs
  A leopard gecko (D:4)
  5 orcs (D:4)
  2 giant cockroaches
  5 goblins (D:1)
  6 hobgoblins (D:1)
  12 jackals
  5 kobolds
  A quokka (D:4)
  2 ball pythons (D:1)
  10 bats
  2 frilled lizards
  A jackal skeleton (D:4)
  4 rats
63 creatures vanquished.

Notes
Turn   | Place    | Note
-------+----------+-------------------------------------------
     0 | D:1      | dolemite99 the Minotaur Hunter began the quest for the Orb.
     0 | D:1      | Reached XP level 1. HP: 18/18 MP: 0/0
   635 | D:1      | Reached XP level 2. HP: 25/25 MP: 1/1
   642 | D:1      | Reached skill level 5 in Bows
   854 | D:1      | Reached XP level 3. HP: 19/30 MP: 2/2
  1457 | D:2      | Noticed Terence
  1580 | D:2      | Killed Terence
  1581 | D:2      | Reached skill level 6 in Bows
  1581 | D:2      | Reached XP level 4. HP: 20/37 MP: 3/3
  1945 | D:2      | Found a radiant altar of Vehumet.
  1976 | D:2      | You fall into a shaft and drop 1 floor!
  1977 | D:3      | Noticed Ijyb
  2202 | D:4      | Found a transporter.
  2205 | D:4      | Reached XP level 5. HP: 40/42 MP: 4/4
  2671 | D:4      | Killed from afar by an orc priest

Illustrated notes

Levels and vault maps discovered:
D:1:      kennysheep_arrival_forest, layout_loops_ring
D:2:      layout_rooms, lemuel_round_altar, grunt_qazlal_sundering, uniq_terence
D:3:      layout_basic, uniq_ijyb, uniq_crazy_yiuf_cottage
D:4:      layout_basic, gammafunk_temple_overflow_arena, marbit_many_paths,
          serial_rivers, chequers_serial_rivers_micro_c,
          chequers_serial_rivers_marsh, chequers_serial_rivers_small_b,
          chequers_serial_rivers_room_b, chequers_serial_rivers_room_b

Skill      XL: |  1  2  3  4  5 |
---------------+----------------+-----
Bows           | 5 6 |  6.3
Polearms       | 2 3 |  3.1
Fighting       | |  2.4
Dodging        | |  2.1
Stealth        | |  0.7

Action                   |  1- 3 |  4- 6 || total
-------------------------+-------+-------++-------
Melee: Short sword       |    93 |       ||    93
       Headbutt          |    11 |     7 ||    18
       Spear             |     8 |       ||     8
       Trident           |       |    42 ||    42
 Fire: Shortbow          |    25 |     1 ||    26
Throw: Stone             |    11 |     7 ||    18
  Use: Scroll            |       |     2 ||     2
Armor: Leather armour    |    38 |     1 ||    39
       Ring mail         |       |    21 ||    21
Dodge: Dodged            |    69 |    49 ||   118
